 Dungeon Crawl Stone Soup version 0.28-a0-2-g643f2454ad (webtiles) character file.

Game seed: 15112892075346836795

709 snetch the Magician (level 8, -1/51 HPs)
             Began as a Djinni Fire Elementalist on July 22, 2021.
             Was an Initiate of Ru.
             Slain by a rat (2 damage)
             ... on level 3 of the Dungeon.
             The game lasted 00:15:27 (4571 turns).

snetch the Magician (Djinni Fire Elementalist)      Turns: 4571, Time: 00:15:28

Health: -1/51      AC: 10    Str:  7    XL:     8   Next: 0%
Gold:   84         EV: 12    Int: 19    God:    Ru [......] SH:  0 Dex: 14

rFire   + + .      SeeInvis .   l - +0 mace (protect)
rCold   x . .      Faith    .   (no shield)
rNeg    . . .      Spirit   .   r - +0 leather armour
rPois   ∞          Reflect  .   (no helmet)
rElec   .          Harm     .   (no cloak)
rCorr   .          Rampage  .   (no gloves)
Will    .....                   (boots unavailable)
Stlth   ++........              (no amulet)
HPRegen 0.17/turn               (no ring)
MPRegen 0.00/turn               (no ring)

@: under a protective aura, flying
A: sickness immunity, fire resistance 2, cold vulnerability 1, float, innate
caster, hp casting, extra vitality 1
a: Renounce Religion


You were on level 3 of the Dungeon.
You worshipped Ru.
Ru was noncommittal.
You visited 1 branch of the dungeon, and saw 4 of its levels.
You also visited: Sewer.

You collected 84 gold pieces.

Inventory:

Hand Weapons
 l - a +0 mace of protection (weapon)
 p - a +0 quarterstaff
 w - a +0 hand crossbow
Missiles
 b - 116 stones
 c - 5 curare-tipped darts
 k - 5 boomerangs
 q - 59 poisoned darts
 u - 49 bolts
Armour
 a - a +0 robe
 e - a +0 chain mail
 i - a +0 plate armour
 o - a +0 ring mail
 r - a +0 leather armour (worn)
 s - a +0 scale mail
Scrolls
 d - 4 scrolls of identify {unknown}
 f - 3 scrolls of fear {unknown}
 g - 3 scrolls of vulnerability {unknown}
 j - a scroll of teleportation {unknown}
 m - a scroll of immolation {unknown}
 n - 2 scrolls of fog {unknown}
 t - a scroll of noise {unknown}
 v - a scroll of summoning {unknown}
 y - a scroll of blinking {unknown}
Potions
 h - a potion of flight {unknown}
 x - a potion of resistance {unknown}
 z - a potion of magic {unknown}


   Skills:
 + Level 0.7 Fighting
 + Level 1.2 Armour
 + Level 3.2 Dodging
 + Level 2.9 Stealth
 + Level 5.9 Spellcasting


You couldn't memorise any spells.
You knew the following spells:

 Your Spells              Type           Power      Damage    Failure   Level
a - Foxfire               Conj/Fire      100%       2x1d9     1%          1
b - Conjure Flame         Conj/Fire      28%        6-21      4%          3
c - Inner Flame           Hex/Fire       28%        N/A       4%          3
d - Sticky Flame          Conj/Fire      28%        2d5       14%         4
e - Fireball              Conj/Fire      14%        3d8       36%         5
f - Apportation           Tloc           56%        N/A       1%          1
g - Passwall              Tmut/Erth      23%        N/A       2%          2
h - Swiftness             Air            28%        N/A       4%          3
Your spell library was empty.

Dungeon Overview and Level Annotations

Branches:
Dungeon (4/15)              Sewer (visited)
 Temple: D:4-7

Altars:
Nemelex Xobeh
Ru
Sif Muna
Uskayaw


Innate Abilities, Weirdness & Mutations

You are immune to sickness and miasma.
You are immune to poison.
Your flesh is very heat resistant. (rF++)
You are vulnerable to cold. (rC-)
You float through the air rather than walking.
You learn spells naturally, not from books.
Your magical power is your life essence.
You have superior vitality. (+4 HP)


Message History

* * * LOW HITPOINT WARNING * * *
The adder misses you.
Casting: Foxfire (safe; 1% risk of failure)
Press: ? - help, Q - select action, (/) - cycle Dir - look around, f - activate You conjure some foxfire!
* * * LOW HITPOINT WARNING * * *
The gnoll hits you from afar with a +0 spear.
* * * LOW HITPOINT WARNING * * *
The adder barely misses you.
The foxfire hits the giant cockroach.
The giant cockroach is almost dead.
You sock the adder!
Your weapon exudes an aura of protection.
The adder is almost dead.
The foxfire hits the adder.
You kill the adder!
The gnoll hits you from afar with a +0 spear.
* * * LOW HITPOINT WARNING * * *
The giant cockroach bites you but does no damage.
The gnoll hits you but does no damage.
You have reached level 8!
You feel clever.
A rat comes into view.
The giant cockroach bites you but does no damage.
The giant cockroach barely misses you.
You closely miss the giant cockroach.
The giant cockroach is almost dead.
The giant cockroach bites you but does no damage.
The gnoll hits you from afar with a +0 spear.
* * * LOW HITPOINT WARNING * * *
The giant cockroach barely misses you.
Unknown command.
You hit the giant cockroach but do no damage.
Your weapon exudes an aura of protection.
The giant cockroach is almost dead.
The gnoll hits you but does no damage. The giant cockroach bites you.
* * * LOW HITPOINT WARNING * * *
Unknown command.
The giant cockroach misses you. The rat closely misses you. The rat bites you.
You die...

######## ###......#
#.........# #..
#......[##### ##...#
#.......#...# ###.gg#
#...........# #..g#
#....#@.....#
#.#########....#Br....#
#.>..........g........# ##
########.##....####...####
#. #.###.### #.....# #.
#.......#####.#.#.# ##.
#####.#.#.......#.# ###..
#....#...###...####...#
#.....................#


You could see a giant cockroach and a rat.

Vanquished Creatures
  6 kobold brigands (Sewer)
  A bullfrog skeleton (D:4)
  10 adders
  4 river rats
  6 worms
  A dart slug (D:1)
  6 orcs
  12 ball pythons
  11 bats
  5 endoplasms
  9 giant cockroaches
  7 goblins
  9 hobgoblins
  3 jackals (D:3)
  12 kobolds
  6 quokkas
  4 frilled lizards
  A quokka skeleton (D:4)
  11 rats
124 creatures vanquished.

Vanquished Creatures (collateral kills)
  3 foxfires (D:2)
3 creatures vanquished.

Vanquished Creatures (others)
  362 foxfires
  3 plants (D:2)
365 creatures vanquished.

Grand Total: 492 creatures vanquished

Notes
Turn   | Place    | Note
-------+----------+-------------------------------------------
     0 | D:1      | snetch the Djinni Fire Elementalist began the quest for the
                  | Orb.
     0 | D:1      | Reached XP level 1. HP: 15/15 MP: 0/0
   115 | D:1      | Reached XP level 2. HP: 16/21 MP: 0/0
   174 | D:1      | Reached skill level 3 in Spellcasting
   474 | D:1      | Reached XP level 3. HP: 24/25 MP: 0/0
   474 | D:1      | Learned a level 1 spell: Apportation
   812 | D:2      | Reached XP level 4. HP: 26/31 MP: 0/0
  1971 | D:2      | Reached XP level 5. HP: 33/35 MP: 0/0
  1971 | D:2      | Learned a level 2 spell: Passwall
  2293 | D:3      | Reached skill level 4 in Spellcasting
  2623 | D:3      | Found a sacrificial altar of Ru.
  2750 | D:3      | Found a hide-covered altar of Uskayaw.
  2750 | D:3      | Found a sparkling altar of Nemelex Xobeh.
  2930 | D:4      | Found a glowing drain.
  3012 | D:3      | Became a worshipper of Ru the Awakened
  3086 | Sewer    | Entered a sewer
  3360 | Sewer    | Noticed a kobold brigand
  3374 | Sewer    | Killed a kobold brigand
  3375 | Sewer    | Reached XP level 6. HP: 33/40 MP: 0/0
  3493 | Sewer    | Reached skill level 5 in Spellcasting
  3698 | Sewer    | Reached XP level 7. HP: 40/45 MP: 0/0
  3698 | Sewer    | Learned a level 3 spell: Swiftness
  4086 | Sewer    | Reached skill level 1 in Armour
  4565 | D:3      | HP: 2/46 [gnoll (2)]
  4566 | D:3      | Reached XP level 8. HP: 3/51 MP: 0/0
  4571 | D:3      | Slain by a rat

Illustrated notes

Levels and vault maps discovered:
D:1:      saegor_arrival_simple_a, layout_rooms
D:2:      layout_rooms, serial_forest, infiniplex_forest_lined_corner,
          infiniplex_forest_straight_2, infiniplex_forest_clump_medium,
          infiniplex_forest_clump_tiny, infiniplex_forest_clump_tiny,
          infiniplex_forest_clump_small, infiniplex_forest_lined_3_way,
          infiniplex_forest_clump_double, corexii_corridor_pit
D:3:      minmay_bubble_buster, layout_basic,
          nicolae_ru_great_annihilating_truth,
          chequers_temple_overflow_statue_of_worship
D:4:      layout_cave_pools, portal_sewer_entry_a, uniq_duvessa, uniq_natasha

Skill      XL: |  1  2  3  4  5  6  7 |
---------------+----------------------+-----
Spellcasting   | 3 4 5 |  5.9
Stealth        | 2 |  2.9
Dodging        | 3 |  3.2
Armour         | 1 |  1.2
Fighting       | |  0.7

Action                   |  1- 3 |  4- 6 |  7- 9 || total
-------------------------+-------+-------+-------++-------
Melee: Mace              |       |     8 |    13 ||    21
       Unarmed           |       |     1 |       ||     1
 Cast: Foxfire           |    52 |   137 |    46 ||   235
 Stab: Sleeping          |       |       |     1 ||     1
Armor: Robe              |       |     4 |       ||     4
       Leather armour    |       |       |     7 ||     7
Dodge: Dodged            |     1 |    22 |    23 ||    46

Table legend: (Time is in decaauts)
 A = Elapsed time spent in this place.
 B = Non-inter-level travel time spent in this place.
 C = Inter-level travel time spent in this place.
 D = Time resting spent in this place.
 E = Time spent auto-exploring this place.
 F = Levels seen in this place.
 G = Mean time per level.
                   A        B        C        D        E       F      G
               +--------+--------+--------+--------+--------+-----+--------+
         Total |   4589 |   4247 |    342 |     80 |   3123 |   5 |  917.8 |
       Dungeon |   3431 |   3089 |    342 |     80 |   2233 |   4 |  857.8 |
         Sewer |   1157 |   1157 |      0 |      0 |    890 |   1 | 1157.0 |
               +--------+--------+--------+--------+--------+-----+--------+

Top non-repeatable levels by time:
     D:2: 1206 daAuts
   Sewer: 1157 daAuts
     D:3: 1081 daAuts
     D:1: 1067 daAuts
     D:4: 77 daAuts
